 Dungeon Crawl Stone Soup version 0.20.0-9-g8272e65 (webtiles) character file.

102 Kosschaser the Skirmisher (level 4, -10/35 HPs)
             Began as a Demonspawn Fighter on June 3, 2017.
             Killed by divine providence
             ... invoked by an orc priest
              (16 damage)
             ... on level 4 of the Dungeon.
             The game lasted 00:04:26 (2340 turns).

Kosschaser the Skirmisher (Demonspawn Fighter)      Turns: 2340, Time: 00:04:27

Health: -10/35     AC: 12    Str: 18    XL:     4   Next: 50%
Magic:  4/4        EV:  7    Int:  9    God:
Gold:   104        SH:  9    Dex: 12    Spells: 3/3 levels left

rFire    . . .     SeeInvis .   a - +0 long sword
rCold    . . .     Gourm    .   c - +0 shield
rNeg     . . .     Faith    .   b - +0 scale mail
rPois    .         Spirit   .   (helmet restricted)
rElec    .         Reflect  .   (no cloak)
rCorr    .         Harm     .   k - +2 pair of gloves
MR       .....                  (no boots)
Stlth    ..........             (no amulet)
Regen    0.2/turn               (no ring)
MPRegen  0.1/turn               (no ring)

@: no status effects
A: antennae 1, thin metallic scales 1
a: no special abilities


You were on level 4 of the Dungeon.
You were not hungry.

You visited 1 branch of the dungeon, and saw 4 of its levels.

You collected 104 gold pieces.

Inventory:

Hand Weapons
 a - a +0 long sword (weapon)
Armour
 b - a +0 scale mail (worn)
 c - a +0 shield (worn)
 k - a +2 pair of gloves (worn)
Jewellery
 j - a cursed -3 ring of evasion {unknown}
 m - an uncursed ring of ice {unknown}
Scrolls
 e - 3 scrolls of remove curse {unknown}
 o - a scroll of magic mapping {unknown}
Potions
 d - a potion of might
 h - a potion of heal wounds {unknown}
 i - 2 potions of berserk rage {unknown}
 l - a potion of magic {unknown}
Comestibles
 f - 5 bread rations
 g - a fruit
 n - 3 meat rations


   Skills:
 + Level 3.5 Fighting
 + Level 2.7 Long Blades
 + Level 3.5 Armour
 + Level 0.5 Dodging
 + Level 3.1 Shields


You had 3 spell levels left.
You didn't know any spells.

Dungeon Overview and Level Annotations

Branches:
Dungeon (4/15)
 Temple: D:4-7

Altars:


Innate Abilities, Weirdness & Mutations

You have a pair of small antennae on your head.
You are partially covered in thin metallic scales. (AC +2)


Message History

You slash the adder!
You kill the adder!
You block the orc's attack.
You slash the orc!
You kill the orc!
You slash the orc!
You kill the orc!
The orc priest mumbles some strange prayers to Beogh against you.
Beogh smites you!
You barely miss the orc.
The orc priest mumbles some strange prayers to Beogh against you.
Beogh smites you!
* * * LOW HITPOINT WARNING * * *
The orc hits you but does no damage. The orc hits you.
* * * LOW HITPOINT WARNING * * *
The orc priest looks encouraged for a moment.
The orc priest mumbles some strange prayers to Beogh against you.
Beogh smites you!
You die...

##...# ##..#
#.## #.##
#..# ##.# #.#
###########.#
#..o...o.@..#
#.###########
#.# #.# #.#
#o# #.# # #.#
#. #.#


You could see an orc priest and an orc.

Vanquished Creatures
  2 adders
  5 worms
  A dart slug (D:2)
  3 leopard geckos
  3 orcs (D:4)
  3 giant cockroaches
  13 goblins
  8 hobgoblins
  A jackal (D:1)
  A quokka (D:3)
  A ball python (D:2)
  2 bats
  4 frilled lizards
  7 kobolds
  5 rats
59 creatures vanquished.

Notes
Turn   | Place    | Note
-------+----------+-------------------------------------------
     0 | D:1      | Kosschaser the Demonspawn Fighter began the quest for the Orb.
     0 | D:1      | Reached XP level 1. HP: 18/18 MP: 1/1
    77 | D:1      | Gained mutation: You are partially covered in thin metallic scales. (AC +2) [demonic ancestry]
    77 | D:1      | Reached XP level 2. HP: 24/24 MP: 2/2
   655 | D:2      | Reached XP level 3. HP: 23/29 MP: 3/3
  1828 | D:3      | Gained mutation: You have a pair of small antennae on your head. [demonic ancestry]
  1828 | D:3      | Reached XP level 4. HP: 33/35 MP: 4/4
  2340 | D:4      | Killed from afar by an orc priest

Skill      XL: |  1  2  3 |
---------------+----------+-----
Armour         | 3 |  3.5
Shields        | 3 |  3.1
Long Blades    | 2 |  2.7
Fighting       | |  3.5
Dodging        | |  0.5

Action                   |  1- 3 |  4- 6 || total
-------------------------+-------+-------++-------
Melee: Long sword        |   167 |    47 ||   214
  Eat: Chunk             |     3 |     2 ||     5
Armor: Scale mail        |    81 |    21 ||   102
Dodge: Dodged            |    43 |    19 ||    62
Block: Shield            |    91 |    22 ||   113
       Rpst.: Long sword |    13 |     3 ||    16
